| TOP OF THE 1ST |
|
Southern Maryland Blue Crabs batting - Pitching for Chester Pirates : RHP Hitoshi Yoshihara
|
|
Pitching: RHP Hitoshi Yoshihara
|
|
|
Batting: RHB Danny Baeza
|
0-0: Swinging Strike 0-1: Ball 1-1: Ball 2-1: Foul Ball, location: 2F 2-2: Foul Ball, location: 2F 2-2: Foul Ball, location: 2F 2-2: Ball 3-2: Base on Balls
|
|
Batting: RHB Daniel Jackson
|
0-0: Called Strike 0-1: Ball 1-1: Ball 2-1: Ball 3-1: DOUBLE (Line Drive, 3D, EV 97.5 MPH) Danny Baeza to third Runner from 3rd tries for Home, SAFE, throw by RF to home
|
|
Batting: RHB J.J. Basil
|
0-0: Ground out 1-3 (Groundball, 13S, EV 72.5 MPH) Daniel Jackson to third
|
|
Batting: RHB Steve Jones
|
0-0: Ball 1-0: SINGLE (Flyball, 7LS, EV 96.3 MPH) Daniel Jackson scores
|
|
Batting: RHB Tony Godley
|
0-0: Foul Ball, location: 2F 0-1: Ball 1-1: Foul Ball, location: 2F 1-2: Fielders Choice at 2nd, 6-4 (Groundball, 6, EV 77.5 MPH)
|
|
Batting: RHB Mike Pitts
|
0-0: Ball Tony Godley is caught stealing 2nd base 2-4
|
| Top of the 1st over - 2 runs, 2 hits, 0 errors, 0 left on base; Southern Maryland 2 - Chester 0 |
| BOTTOM OF THE 1ST |
|
Chester Pirates batting - Pitching for Southern Maryland Blue Crabs : RHP Jason Turley
|
|
Pitching: RHP Jason Turley
|
|
|
Batting: RHB Terrence Wilson
|
0-0: Ball 1-0: Ball 2-0: Ball 3-0: Base on Balls
|
|
Batting: RHB Tim Moore
|
0-0: Called Strike 0-1: SINGLE (Groundball, 15S, EV 69.4 MPH) (infield hit) Terrence Wilson to second
|
|
Batting: RHB Brandon White
|
0-0: SINGLE (Groundball, 6MD, EV 100.0 MPH) Terrence Wilson to third Tim Moore to second
|
|
Batting: LHB Carlos Vega
|
0-0: DOUBLE (Flyball, 78D, EV 106.3 MPH) Terrence Wilson scores Tim Moore scores Brandon White to third
|
|
Batting: SHB Don Hauk
|
0-0: SINGLE (Line Drive, 9S, EV 101.3 MPH) Brandon White scores Carlos Vega to third
|
|
Batting: LHB Dustin Herman
|
0-0: Called Strike 0-1: Fielders Choice at 2nd, 3-6 (Groundball, 3, EV 83.8 MPH) Carlos Vega scores
|
|
Batting: RHB Frank Elizondo
|
0-0: Called Strike 0-1: Ground out 6-3 (Groundball, 6MS, EV 89.4 MPH) Dustin Herman to second
|
|
Batting: RHB Erik Mulligan
|
0-0: Ball 1-0: Called Strike 1-1: Fly out, F8 (Line Drive, 8RD, EV 108.1 MPH)
|
| Bottom of the 1st over - 4 runs, 4 hits, 0 errors, 1 left on base; Southern Maryland 2 - Chester 4 |
| TOP OF THE 2ND |
|
Southern Maryland Blue Crabs batting - Pitching for Chester Pirates : RHP Hitoshi Yoshihara
|
|
Batting: RHB Mike Pitts
|
0-0: Called Strike 0-1: Swinging Strike 0-2: Strikes out looking
|
|
Batting: RHB Ray Sims
|
0-0: Called Strike 0-1: Ball 1-1: SINGLE (Line Drive, 8RS, EV 97.5 MPH)
|
|
Batting: LHB Adam Oldfield
|
0-0: Ball 1-0: Foul Ball, location: 2F 1-1: Ball 2-1: Ball 3-1: Called Strike 3-2: Strikes out swinging
|
|
Batting: RHB Matt Berrier
|
0-0: Called Strike 0-1: Called Strike 0-2: Ball 1-2: Fly out, F9 (Flyball, 89M, EV 84.4 MPH)
|
| Top of the 2nd over - 0 runs, 1 hit, 0 errors, 1 left on base; Southern Maryland 2 - Chester 4 |
| BOTTOM OF THE 2ND |
|
Chester Pirates batting - Pitching for Southern Maryland Blue Crabs : RHP Jason Turley
|
|
Batting: LHB Chad Cutler
|
0-0: Ball 1-0: Ball 2-0: Fly out, F9 (Line Drive, 9D, EV 100.6 MPH)
|
|
Batting: RHB Terrence Wilson
|
0-0: Ball 1-0: Ball 2-0: Foul Ball, location: 2F 2-1: Ball 3-1: Foul Ball, location: 2F 3-2: Foul Ball, location: 2F 3-2: SINGLE (Groundball, 4MD, EV 94.4 MPH)
|
|
Batting: RHB Tim Moore
|
0-0: Called Strike 0-1: Called Strike 0-2: Grounds into double play, 5-4-3 (Groundball, 56S, EV 88.1 MPH)
|
| Bottom of the 2nd over - 0 runs, 1 hit, 0 errors, 0 left on base; Southern Maryland 2 - Chester 4 |
| TOP OF THE 3RD |
|
Southern Maryland Blue Crabs batting - Pitching for Chester Pirates : RHP Hitoshi Yoshihara
|
|
Batting: RHB Danny Baeza
|
0-0: Fly out, F9 (Flyball, 9, EV 83.1 MPH)
|
|
Batting: RHB Daniel Jackson
|
0-0: Foul Ball, location: 2F 0-1: Foul Ball, location: 2F 0-2: Ball 1-2: Ball 2-2: Foul Ball, location: 2F 2-2: Ball 3-2: SINGLE (Groundball, 6M, EV 106.3 MPH) (infield hit)
|
|
Batting: RHB J.J. Basil
|
0-0: Foul Ball, location: 2F 0-1: Called Strike 0-2: Ball Passed Ball! Daniel Jackson to second 1-2: Ball 2-2: Ball Wild Pitch! Daniel Jackson to third 3-2: Ground out 6-3 (Groundball, 6, EV 111.3 MPH) Daniel Jackson scores
|
|
Batting: RHB Steve Jones
|
0-0: Foul Ball, location: 2F 0-1: Foul Ball, location: 2F 0-2: Fly out, F9 (Flyball, 89M, EV 85.0 MPH)
|
| Top of the 3rd over - 1 run, 1 hit, 0 errors, 0 left on base; Southern Maryland 3 - Chester 4 |
| BOTTOM OF THE 3RD |
|
Chester Pirates batting - Pitching for Southern Maryland Blue Crabs : RHP Jason Turley
|
|
Batting: RHB Brandon White
|
0-0: Fly out, F4 (Line Drive, 4, EV 73.1 MPH)
|
|
Batting: LHB Carlos Vega
|
0-0: Ball 1-0: Ball 2-0: Ground out 2-3 (Groundball, 15S, EV 66.9 MPH)
|
|
Batting: SHB Don Hauk
|
0-0: Ball 1-0: Ball 2-0: Fly out, F7 (Flyball, 7LM, EV 90.6 MPH)
|
| Bottom of the 3rd over - 0 runs, 0 hits, 0 errors, 0 left on base; Southern Maryland 3 - Chester 4 |
| TOP OF THE 4TH |
|
Southern Maryland Blue Crabs batting - Pitching for Chester Pirates : RHP Hitoshi Yoshihara
|
|
Batting: RHB Tony Godley
|
0-0: Ball 1-0: Foul Ball, location: 2F 1-1: Called Strike 1-2: Fly out, F6 (Popup, 4M, EV 55.0 MPH)
|
|
Batting: RHB Mike Pitts
|
0-0: Ball 1-0: Ball 2-0: Called Strike 2-1: Ball 3-1: SINGLE (Groundball, 56D, EV 100.0 MPH) (infield hit)
|
|
Batting: RHB Ray Sims
|
0-0: Called Strike 0-1: Fielders Choice at 2nd, 4-6 (Groundball, 4, EV 81.9 MPH)
|
|
Batting: LHB Adam Oldfield
|
0-0: Called Strike 0-1: Ball 1-1: Called Strike Ray Sims steals 2nd base 1-2: Ball 2-2: Ball 3-2: Foul Ball, location: 2F 3-2: Base on Balls
|
|
Batting: RHB Matt Berrier
|
0-0: Fly out, F7 (Flyball, 78M, EV 90.0 MPH)
|
| Top of the 4th over - 0 runs, 1 hit, 0 errors, 2 left on base; Southern Maryland 3 - Chester 4 |
| BOTTOM OF THE 4TH |
|
Chester Pirates batting - Pitching for Southern Maryland Blue Crabs : RHP Jason Turley
|
|
Batting: LHB Dustin Herman
|
0-0: Ball 1-0: Ball 2-0: SINGLE (Flyball, 5D, EV 91.9 MPH)
|
|
Batting: RHB Frank Elizondo
|
0-0: Ball 1-0: Ball 2-0: Ball 3-0: Called Strike 3-1: Base on Balls Dustin Herman to second
|
|
Batting: RHB Erik Mulligan
|
0-0: Foul Ball, location: 2F 0-1: Fly out, F9 (Line Drive, 9, EV 95.6 MPH)
|
|
Batting: LHB Chad Cutler
|
0-0: Called Strike 0-1: Ball 1-1: Ball 2-1: Foul Ball, location: 2F 2-2: Ball 3-2: Base on Balls Dustin Herman to third Frank Elizondo to second
|
|
Batting: RHB Terrence Wilson
|
0-0: Foul Ball, location: 2F 0-1: Ball 1-1: Ball 2-1: Swinging Strike 2-2: Ball 3-2: DOUBLE (Groundball, 3L, EV 108.1 MPH) Dustin Herman scores Frank Elizondo scores Chad Cutler to third
|
|
Pitching: RHP Jon Bell
|
|
|
Batting: RHB Tim Moore
|
0-0: Ground out 5-3 (Groundball, 56S, EV 88.1 MPH) Chad Cutler scores
|
|
Batting: RHB Brandon White
|
0-0: Called Strike 0-1: Ground out 1-3 (Groundball, 34S, EV 66.9 MPH)
|
| Bottom of the 4th over - 3 runs, 2 hits, 0 errors, 1 left on base; Southern Maryland 3 - Chester 7 |
| TOP OF THE 5TH |
|
Southern Maryland Blue Crabs batting - Pitching for Chester Pirates : RHP Hitoshi Yoshihara
|
|
Batting: RHB Danny Baeza
|
0-0: Swinging Strike 0-1: Fly out, F9 (Flyball, 89S, EV 76.9 MPH)
|
|
Batting: RHB Daniel Jackson
|
0-0: SINGLE (Line Drive, 8RS, EV 92.5 MPH)
|
|
Batting: RHB J.J. Basil
|
0-0: Ball Daniel Jackson steals 2nd base 1-0: Ball 2-0: Foul Ball, location: 2F 2-1: Fly out, F8 (Flyball, 8RD, EV 101.3 MPH) Runner from 2nd tags up, SAFE at 3rd with throw by CF
|
|
Batting: RHB Steve Jones
|
0-0: DOUBLE (Flyball, 78D, EV 110.0 MPH) Daniel Jackson scores
|
|
Batting: RHB Tony Godley
|
0-0: Ball 1-0: Foul Ball, location: 2F 1-1: Foul Ball, location: 2F 1-2: Foul Ball, location: 2F 1-2: Ball 2-2: SINGLE (Groundball, 56D, EV 97.5 MPH) Steve Jones to third Runner from 3rd tries for Home, SAFE, throw by LF to home
|
|
Pitching: RHP Kyle Davis
|
|
|
Batting: RHB Mike Pitts
|
0-0: Foul Ball, location: 2F 0-1: Ball 1-1: Swinging Strike 1-2: Ball 2-2: Strikes out swinging
|
| Top of the 5th over - 2 runs, 3 hits, 0 errors, 1 left on base; Southern Maryland 5 - Chester 7 |
| BOTTOM OF THE 5TH |
|
Chester Pirates batting - Pitching for Southern Maryland Blue Crabs : RHP Jon Bell
|
|
Batting: LHB Carlos Vega
|
0-0: Foul Ball, location: 2F 0-1: Fly out, F8 (Flyball, 8LXD, EV 92.5 MPH)
|
|
Batting: SHB Don Hauk
|
0-0: Swinging Strike 0-1: Called Strike 0-2: Strikes out swinging
|
|
Batting: LHB Dustin Herman
|
0-0: Called Strike 0-1: Foul Ball, location: 2F 0-2: Foul Ball, location: 2F 0-2: Ball 1-2: Ball 2-2: Ball 3-2: Foul Ball, location: 2F 3-2: Foul Ball, location: 2F 3-2: Base on Balls
|
|
Batting: RHB Frank Elizondo
|
0-0: Foul Ball, location: 2F 0-1: SINGLE (Line Drive, 6MD, EV 99.4 MPH) Dustin Herman to second
|
|
Batting: RHB Erik Mulligan
|
0-0: Called Strike 0-1: Ball 1-1: Ball 2-1: Ball 3-1: Called Strike 3-2: Base on Balls Dustin Herman to third Frank Elizondo to second
|
|
Batting: LHB Chad Cutler
|
0-0: Swinging Strike 0-1: Ball 1-1: SINGLE (Line Drive, 9LS, EV 98.8 MPH) Dustin Herman scores Frank Elizondo to third Erik Mulligan to second Runner from 3rd tries for Home, SAFE, throw by RF to home
|
|
Batting: RHB Terrence Wilson
|
0-0: Ball 1-0: Called Strike 1-1: Ground out 5-3 (Groundball, 56S, EV 70.6 MPH)
|
| Bottom of the 5th over - 2 runs, 2 hits, 0 errors, 2 left on base; Southern Maryland 5 - Chester 9 |
| TOP OF THE 6TH |
|
Southern Maryland Blue Crabs batting - Pitching for Chester Pirates : RHP Kyle Davis
|
|
Batting: RHB Ray Sims
|
0-0: Swinging Strike 0-1: Ball 1-1: Foul Ball, location: 2F 1-2: Ball 2-2: Strikes out swinging
|
|
Batting: LHB Adam Oldfield
|
0-0: Ball 1-0: Swinging Strike 1-1: Ball 2-1: Ball 3-1: Swinging Strike 3-2: Strikes out swinging
|
|
Batting: RHB Matt Berrier
|
0-0: Ball 1-0: Ball 2-0: Foul Ball, location: 2F 2-1: Foul Ball, location: 2F 2-2: Ball 3-2: Strikes out swinging
|
| Top of the 6th over - 0 runs, 0 hits, 0 errors, 0 left on base; Southern Maryland 5 - Chester 9 |
| BOTTOM OF THE 6TH |
|
Chester Pirates batting - Pitching for Southern Maryland Blue Crabs : RHP Jon Bell
|
|
Batting: RHB Tim Moore
|
0-0: Ball 1-0: Swinging Strike 1-1: Swinging Strike 1-2: Strikes out looking
|
|
Batting: RHB Brandon White
|
0-0: Ball 1-0: Foul Ball, location: 2F 1-1: Ball 2-1: Foul Ball, location: 2F 2-2: Ball 3-2: Strikes out swinging
|
|
Batting: LHB Carlos Vega
|
0-0: Called Strike 0-1: Ball 1-1: Swinging Strike 1-2: Fly out, F7 (Flyball, 7LM, EV 86.9 MPH)
|
| Bottom of the 6th over - 0 runs, 0 hits, 0 errors, 0 left on base; Southern Maryland 5 - Chester 9 |
| TOP OF THE 7TH |
|
Southern Maryland Blue Crabs batting - Pitching for Chester Pirates : RHP Kyle Davis
|
|
Pitching: LHP Juan Villegas
|
|
|
Batting: RHB Danny Baeza
|
0-0: Ball 1-0: Called Strike 1-1: Ball 2-1: Ball 3-1: Base on Balls
|
|
Batting: RHB Daniel Jackson
|
0-0: Fielders Choice at 2nd, 1-6 (Groundball, 13, EV 71.3 MPH)
|
|
Batting: RHB J.J. Basil
|
0-0: DOUBLE (Line Drive, 78M, EV 103.8 MPH) Daniel Jackson to third Runner from 3rd tries for Home, SAFE, no throw by LF
|
|
Batting: RHB Steve Jones
|
0-0: Ball 1-0: Called Strike 1-1: Swinging Strike 1-2: Ball 2-2: Ball 3-2: SINGLE (Groundball, 34D, EV 101.3 MPH) J.J. Basil to third Runner from 3rd tries for Home, SAFE, throw by RF to home
|
|
Batting: RHB Tony Godley
|
0-0: Ball 1-0: Foul Ball, location: 2F 1-1: Ball 2-1: Ball 3-1: Fielders Choice at 2nd, 5-4 (Groundball, 56, EV 84.4 MPH)
|
|
Batting: RHB Mike Pitts
|
Pickoff Throw to First - Error! E1 Tony Godley to second 0-0: Fly out, F4 (Flyball, 34D, EV 93.1 MPH)
|
| Top of the 7th over - 2 runs, 2 hits, 1 error, 1 left on base; Southern Maryland 7 - Chester 9 |
| BOTTOM OF THE 7TH |
|
Chester Pirates batting - Pitching for Southern Maryland Blue Crabs : RHP Jon Bell
|
|
Pitching: RHP Casey Tietjen
|
|
|
Batting: SHB Don Hauk
|
0-0: Ball 1-0: Foul Ball, location: 2F 1-1: Swinging Strike 1-2: Strikes out swinging
|
|
Batting: LHB Dustin Herman
|
0-0: Ground out 4-3 (Groundball, 4, EV 85.0 MPH)
|
|
Batting: RHB Frank Elizondo
|
0-0: Foul Ball, location: 2F 0-1: Ball 1-1: Ball 2-1: Foul Ball, location: 2F 2-2: Strikes out swinging
|
| Bottom of the 7th over - 0 runs, 0 hits, 0 errors, 0 left on base; Southern Maryland 7 - Chester 9 |
| TOP OF THE 8TH |
|
Southern Maryland Blue Crabs batting - Pitching for Chester Pirates : LHP Juan Villegas
|
|
Batting: RHB Ray Sims
|
0-0: SINGLE (Flyball, 78S, EV 86.3 MPH)
|
|
Pinch Hitting: RHB Ben Sutton
|
0-0: Ball 1-0: Fly out, F6 (Line Drive, 6, EV 72.5 MPH)
|
|
Batting: RHB Matt Berrier
|
0-0: Ball 1-0: Fielders Choice at 2nd, 3-6 (Groundball, 34S, EV 90.0 MPH)
|
|
Batting: RHB Danny Baeza
|
0-0: Called Strike 0-1: Ball 1-1: Called Strike 1-2: Foul Ball, location: 2F 1-2: Ground out 6-3 (Groundball, 6M, EV 83.1 MPH)
|
| Top of the 8th over - 0 runs, 1 hit, 0 errors, 1 left on base; Southern Maryland 7 - Chester 9 |
| BOTTOM OF THE 8TH |
|
Chester Pirates batting - Pitching for Southern Maryland Blue Crabs : RHP Casey Tietjen
|
|
Pitching: RHP Tim Bemish
|
|
|
Now in RF: Ben Sutton
|
|
|
Batting: RHB Erik Mulligan
|
0-0: Ball 1-0: SOLO HOME RUN (Flyball, 7D, EV 107.5 MPH), Distance : 397 ft
|
|
Batting: LHB Chad Cutler
|
0-0: Ball 1-0: Called Strike 1-1: Ground out 6-3 (Groundball, 56, EV 89.4 MPH)
|
|
Batting: RHB Terrence Wilson
|
0-0: Ball 1-0: Ball 2-0: Ball 3-0: Called Strike 3-1: Fly out, F9 (Flyball, 9LD, EV 103.1 MPH)
|
|
Batting: RHB Tim Moore
|
0-0: SINGLE (Groundball, 34D, EV 103.8 MPH)
|
|
Batting: RHB Brandon White
|
0-0: Called Strike 0-1: Fly out, F8 (Flyball, 8LM, EV 86.9 MPH)
|
| Bottom of the 8th over - 1 run, 2 hits, 0 errors, 1 left on base; Southern Maryland 7 - Chester 10 |
| TOP OF THE 9TH |
|
Southern Maryland Blue Crabs batting - Pitching for Chester Pirates : LHP Juan Villegas
|
|
Pitching: RHP Steve Kane
|
|
|
Batting: RHB Daniel Jackson
|
0-0: Called Strike 0-1: Ground out 4-3 (Groundball, 4M, EV 98.8 MPH)
|
|
Batting: RHB J.J. Basil
|
0-0: Ground out 6-3 (Groundball, 6M, EV 86.3 MPH)
|
|
Batting: RHB Steve Jones
|
0-0: Called Strike 0-1: Swinging Strike 0-2: Strikes out swinging
|
| Top of the 9th over - 0 runs, 0 hits, 0 errors, 0 left on base; Southern Maryland 7 - Chester 10 |
|